 Dungeon Crawl Stone Soup version 0.26-a0-639-g72c4674329 (webtiles) character file.

Game seed: 9640953715711956232

461 Lanoc the Slasher (level 6, 0/55 HPs)
             Began as a Palentonga Fighter on Sept 16, 2020.
             Succumbed to an adder's poison
             ... on level 4 of the Dungeon.
             The game lasted 00:05:07 (3369 turns).

Lanoc the Slasher (Palentonga Fighter)              Turns: 3369, Time: 00:05:08

Health: 0/55       AC:  6    Str: 19    XL:     6   Next: 79%
Magic:  6/6        EV:  2    Int:  8    God:
Gold:   77         SH:  8    Dex: 12    Spells: 5/5 levels left

rFire    . . .     SeeInvis +   a - +0 long sword
rCold    . . .     Faith    .   c - +0 kite shield
rNeg     . . .     Spirit   .   b - +0 scale mail
rPois    .         Reflect  .   (no helmet)
rElec    .         Harm     .   (no cloak)
rCorr    .         Rampage  .   (no gloves)
MR       .....                  (no barding)
Stlth    ..........             (no amulet)
HPRegen  0.18/turn              h - -4 ring of evasion (curse)
MPRegen  0.10/turn              l - -4 ring of slaying (curse)

@: lethally poisoned (0 -> -7)
A: large, rugged brown scales 3, see invisible, deformed body, roll, armoured
tail
a: Rolling Charge


You were on level 4 of the Dungeon.
You visited 1 branch of the dungeon, and saw 4 of its levels.

You collected 77 gold pieces.

Inventory:

Hand Weapons
 a - a +0 long sword (weapon)
Armour
 b - a +0 scale mail (worn)
 c - a +0 kite shield (worn)
Jewellery
 h - a cursed -4 ring of evasion (left hand)
 i - an uncursed ring of resist corrosion
 j - an uncursed ring of poison resistance
 l - a cursed -4 ring of slaying (right hand)
Wands
 m - a wand of polymorph (9)
Scrolls
 e - a scroll of amnesia
 f - a scroll of fear
 g - 2 scrolls of identify
Potions
 k - a potion of brilliance


   Skills:
 + Level 4.3 Fighting
 * Level 4.8 Long Blades
 + Level 3.6 Armour
 + Level 2.3 Dodging
 - Level 2.4 Shields


You had 5 spell levels left.
You didn't know any spells.
Your spell library contained the following spells:

 Spells                   Type           Power        Failure   Level
 Freeze                   Ice            #...         99%         1
 Magic Dart               Conj           #...         99%         1
 Blink                    Tloc           N/A          100%        2
 Call Imp                 Summ           #.......     100%        2
 Slow                     Hex            #.......     100%        2
 Conjure Flame            Conj/Fire      #.......     100%        3
 Frozen Ramparts          Ice            #.....       100%        3
 Mephitic Cloud           Conj/Pois/Air  #.......     100%        3
 Ozocubu's Armour         Ice            #.......     100%        3
 Hailstorm                Conj/Ice       #.......     100%        4
 Summon Ice Beast         Ice/Summ       #.......     100%        4


Dungeon Overview and Level Annotations

Branches:
Dungeon (4/15)
 Temple: D:4-7

Altars:
Cheibriados
Kikubaaqudgha


Innate Abilities, Weirdness & Mutations

You are completely covered in rugged brown scales. (AC +3, +7% HP)
You have supernaturally acute eyesight. (SInv)
Armour fits poorly on your strangely shaped body.
You can roll at foes to attack.
You have a long armoured tail.


Message History

You block the adder's attack.
You miss the adder.
Your tail-slap misses the adder.
You feel sick. You block the adder's attack.
You slash the adder!
The adder is severely wounded.
You feel sick. The adder bites you.
* * * LOW HITPOINT WARNING * * *
You are more poisoned.
The adder poisons you! The adder bites you.
* * * LOW HITPOINT WARNING * * *
You slash the adder!
You kill the adder!
* * * LOW HITPOINT WARNING * * *
You feel sick.
You don't have any unidentified items.
* * * LOW HITPOINT WARNING * * *
You feel sick.
* * * LOW HITPOINT WARNING * * *
You feel sick.
You die...

### ###### ###### #...
#...†########...## #....
#...)......##.....
#.....#.................
.......@................
##########..............
#..............
#.......#...... ###
.......###...... ##.##
.......# ##.#### ##.#.##
........#.. # ##.#.#.##
.......# ## ##.#.#.#.##
#......# #.


There were no monsters in sight!

Vanquished Creatures
  An ogre (D:4)
  A howler monkey (D:4)
  2 hounds (D:4)
  3 orc wizards (D:4)
  An orc priest (D:3)
  An iguana (D:4)
  Ijyb (D:4)
  A hound skeleton (D:3)
  3 gnolls (D:2)
  A howler monkey skeleton (D:4)
  3 adders
  An ooze (D:4)
  A worm (D:3)
  A dart slug (D:3)
  2 leopard geckos
  5 orcs (D:4)
  2 goblins
  3 hobgoblins (D:3)
  3 jackals (D:4)
  A quokka (D:3)
  2 ball pythons
  3 bats (D:3)
  A frilled lizard (D:3)
  3 kobolds
  4 rats
50 creatures vanquished.

Notes
Turn   | Place    | Note
-------+----------+-------------------------------------------
     0 | D:1      | Lanoc the Palentonga Fighter began the quest for the Orb.
     0 | D:1      | Reached XP level 1. HP: 20/20 MP: 1/1
   247 | D:2      | Reached XP level 2. HP: 19/27 MP: 2/2
   267 | D:2      | Reached XP level 3. HP: 14/33 MP: 3/3
   589 | D:3      | Reached skill level 1 in Dodging
  1014 | D:3      | Found an ancient bone altar of Kikubaaqudgha.
  1063 | D:3      | Reached XP level 4. HP: 40/40 MP: 4/4
  1574 | D:4      | HP: 2/40 [orc wizard/+0 dagger (2)]
  1596 | D:4      | Reached XP level 5. HP: 14/49 MP: 5/5
  2264 | D:4      | Found a snail-covered altar of Cheibriados.
  2421 | D:4      | Reached XP level 6. HP: 20/55 MP: 6/6
  3333 | D:4      | Noticed Ijyb
  3335 | D:4      | Paralysed by Ijyb for 2 turns
  3342 | D:4      | Paralysed by Ijyb for 2 turns
  3354 | D:4      | Killed Ijyb
  3367 | D:4      | HP: 2/55 [poisoned by an adder]
  3369 | D:4      | Succumbed to an adder's poison

Illustrated notes

Levels and vault maps discovered:
D:1:      sevenhm_arrival_forest_fort_large_1, layout_basic
D:2:      minmay_wonky_spiral, layout_basic, serial_corexii_hall,
          corexii_hall_statues_l, corexii_hall_statues_i
D:3:      layout_loops_ring, kiku_gazebo_pond_becter
D:4:      minmay_inner_zag, layout_basic, cheibriados_altar_1, minmay_ruptured,
          uniq_ijyb

Skill      XL: |  1  2  3  4  5 |
---------------+----------------+-----
Dodging        | 1 2 |  2.3
Long Blades    | 3 4 |  4.8
Armour         | 3 |  3.6
Fighting       | 4 |  4.3
Shields        | |  2.4

Action                   |  1- 3 |  4- 6 || total
-------------------------+-------+-------++-------
Melee: Long sword        |    60 |   198 ||   258
       Tailslap          |     6 |    27 ||    33
 Abil: Rolling Charge    |     6 |    15 ||    21
  Use: Scroll            |       |     5 ||     5
       Potion            |       |     5 ||     5
Armor: Scale mail        |    12 |    93 ||   105
Dodge: Dodged            |    12 |    13 ||    25
Block: Kite shield       |    30 |   102 ||   132
       Rpst.: Long sword |     3 |     4 ||     7

Table legend: (Time is in decaauts)
 A = Elapsed time spent in this place.
 B = Non-inter-level travel time spent in this place.
 C = Inter-level travel time spent in this place.
 D = Time resting spent in this place.
 E = Time spent auto-exploring this place.
 F = Levels seen in this place.
 G = Mean time per level.
                   A        B        C        D        E       F      G
               +--------+--------+--------+--------+--------+-----+--------+
         Total |   3461 |   3386 |     75 |    441 |   2322 |   4 |  865.2 |
       Dungeon |   3461 |   3386 |     75 |    441 |   2322 |   4 |  865.2 |
               +--------+--------+--------+--------+--------+-----+--------+

Top non-repeatable levels by time:
     D:4: 1645 daAuts
     D:3: 1232 daAuts
     D:2: 398 daAuts
     D:1: 185 daAuts
